[Event "ICC tourney 1932 (15 5)"]
[Site "Internet Chess Club"]
[Date "2020.07.24"]
[Round "5"]
[White "chesslin"]
[Black "Bo002"]
[Result "1-0"]
[ICCResult "Black resigns"]
[WhiteElo "1789"]
[BlackElo "1901"]
[Opening "Queen's pawn: London system"]
[ECO "A45"]
[NIC "QP.07"]
[Time "21:01:57"]
[TimeControl "900+5"]

1. d4 Nf6 2. Bf4 e6 3. e3 d5 4. Nd2 c5 5. c3 Nc6 6. Ngf3 cxd4 7. exd4 Nh5 8.
Bg5 f6 9. Be3 Bd6 10. g3 O-O 11. Nh4 g6 12. Bg2 f5 13. Bh6 Ng7 14. O-O Qf6
15. Ndf3 f4 16. g4 Bd7 17. Re1 b5 18. h3 b4 19. Bg5 Qf7 20. Ne5 Nxe5 21.
dxe5 Bc5 22. Nf3 bxc3 23. bxc3 Rfc8 24. Qd2 Rf8 25. Rab1 Bb6 26. Bf6 h6 27.
Qd3 Rfe8 28. Nh4 Kh7 29. Rb4 Rec8 30. Rxf4 Be8 31. Rb1 Rc7 32. Rbb4 Rac8 33.
Rb3 Ba4 34. Ra3 Be8 35. Rb3 Ba4 36. Ra3 Be8 37. Bg5 Qg8 38. Bf6 Rc4 39. Bxg7
Rxf4 40. Bf6 Rxf2 41. Kh2 Rf4 42. Qd2 Rfc4 43. Bf1 R4c7 44. Bd3 Bc5 45. Ra6
Rc6 46. Rxc6 Rxc6 47. Qc2 Rc7 48. a4 Be7 49. a5 Bxf6 50. exf6 Qf7 51. Qf2 e5
52. Bxg6+ Qxg6 53. Nxg6 Bxg6 54. h4 h5 55. gxh5 Bxh5 56. Qf5+ Bg6 57. Qxe5
Rf7 58. h5 Be4 59. Qe7 Kg8 60. Qe8+ Rf8 61. f7+ Kg7 62. h6+ {Black resigns}
1-0

[Event "ICC tourney 1932 (15 5)"]
[Site "Internet Chess Club"]
[Date "2020.07.24"]
[Round "5"]
[White "EsatERGIN"]
[Black "icommai"]
[Result "1-0"]
[ICCResult "Black resigns"]
[WhiteElo "1527"]
[BlackElo "1394"]
[Opening "Caro-Kann: Panov-Botvinnik attack, 5...e6"]
[ECO "B14"]
[NIC "CK.03"]
[Time "21:01:19"]
[TimeControl "900+5"]

1. e4 c6 2. d4 d5 3. exd5 cxd5 4. c4 Nf6 5. Nc3 e6 6. c5 Nc6 7. Nf3 Ne4 8.
Qc2 Qa5 9. Bd3 Nxc3 10. bxc3 b6 11. cxb6 axb6 12. O-O Ba6 13. Bd2 Bxd3 14.
Qxd3 Qa6 15. Qc2 Bd6 16. h4 Na5 17. h5 h6 18. Rfe1 O-O 19. g4 Nc4 20. g5
Nxd2 21. Qxd2 Kh7 22. Nh4 hxg5 23. Qxg5 Qd3 24. Re3 Qc2 25. Rh3 Rxa2 26. Rf1
f6 27. Qg4 Qe4 28. Qg6+ Qxg6+ 29. hxg6+ Kg8 30. Kg2 Rc2 31. Rfh1 Bf4 32. Nf5
Bh6 33. Ne7+ Kh8 34. Re1 e5 35. Nf5 Re8 36. Reh1 exd4 37. Rxh6+ gxh6 38. g7+
Kg8 39. Rxh6 Rce2 40. cxd4 b5 41. Rh8+ Kf7 42. Rxe8 Rxe8 43. Nd6+ Kxg7 44.
Nxe8+ Kg6 45. Nc7 b4 46. Nxd5 b3 47. Kf3 Kf5 48. Nc3 b2 49. Ke3 Ke6 50. Kd2
b1=Q 51. Nxb1 Kd5 52. Kd3 f5 53. Nc3+ Kd6 54. Kc4 {Black resigns} 1-0

[Event "ICC tourney 1932 (15 5)"]
[Site "Internet Chess Club"]
[Date "2020.07.24"]
[Round "5"]
[White "MrNormalName"]
[Black "YKQ"]
[Result "1-0"]
[ICCResult "Black forfeits on time"]
[WhiteElo "1702"]
[BlackElo "1639"]
[Opening "King's Indian: 4.e4"]
[ECO "E70"]
[NIC "KI.32"]
[Time "21:01:56"]
[TimeControl "900+5"]

1. d4 Nf6 2. c4 g6 3. Nc3 Bg7 4. e4 O-O 5. Bg5 d6 6. Qd2 c5 7. d5 b5 8. cxb5
a6 9. bxa6 Qa5 10. Nf3 Bxa6 11. Bxa6 Qxa6 12. Qe2 Nbd7 13. Qxa6 Rxa6 14. O-O
Rb8 15. Rab1 h6 16. Bf4 Ng4 17. h3 Nge5 18. Nxe5 Nxe5 19. Bxe5 Bxe5 20. Rfc1
Kg7 21. a3 Rb3 22. Nd1 Ra4 23. f3 h5 24. Kf2 h4 25. Ke2 Kf6 26. Nc3 Bxc3 27.
bxc3 Rxb1 28. Rxb1 Rxa3 29. Kd3 Ra2 30. Rg1 Ke5 31. Ke3 g5 32. g3 Rh2 33.
gxh4 gxh4 34. Rg7 Kf6 35. Rh7 Rxh3 36. Kf4 Rh1 37. Kg4 Rg1+ 38. Kf4 Rh1 39.
Kg4 Rc1 40. Rh6+ Kg7 41. Rxh4 Rxc3 42. Kg3 Rc2 43. Rg4+ Kf6 44. Rf4+ Ke5 45.
Rxf7 c4 46. Rxe7+ Kd4 47. Rd7 Kc5 48. Rc7+ Kd4 49. Rd7 Kc5 50. Kf4 Re2 51.
Rc7+ Kd4 52. Rc6 c3 53. Rxd6 Ra2 54. Rc6 Ra5 55. d6 Ra7 56. Rc7 Ra8 57. d7
Rd8 58. Kf5 {Black forfeits on time} 1-0

[Event "ICC tourney 1932 (15 5)"]
[Site "Internet Chess Club"]
[Date "2020.07.24"]
[Round "5"]
[White "MasterZachary"]
[Black "Venom2020"]
[Result "1/2-1/2"]
[ICCResult "Game drawn by mutual agreement"]
[WhiteElo "2084"]
[BlackElo "1631"]
[Opening "Sicilian: accelerated fianchetto, modern variation with Bc4"]
[ECO "B35"]
[NIC "SI.31"]
[Time "21:01:32"]
[TimeControl "900+5"]

1. e4 c5 2. Nf3 Nc6 3. Nc3 g6 4. d4 cxd4 5. Nxd4 Bg7 6. Be3 Nf6 7. Bc4 O-O
8. Bb3 a5 9. O-O a4 10. Nxa4 Nxe4 11. Nb5 Ra6 12. c4 d6 13. Qe2 Nf6 14. Rad1
Bd7 15. c5 Na5 16. Bc2 d5 17. Nb6 Be6 18. Nd4 Bg4 19. f3 e5 20. fxg4 exd4
21. Bxd4 Nc6 22. g5 Nxd4 23. Rxd4 Rxb6 24. gxf6 Rxf6 25. Rfd1 Re6 26. Re4
Rxe4 27. Bxe4 Qe7 28. Bf3 Qxc5+ 29. Kh1 Rd8 30. b3 b6 31. Qd3 d4 32. Re1 Qa5
33. Re2 Rc8 34. g3 Rc1+ 35. Kg2 Rc8 36. Bb7 Rd8 37. Bc6 Qc5 38. Bb5 Qd5+ 39.
Kg1 Bh6 40. Bc4 Qd6 41. Qf3 Rf8 42. Re8 Be3+ 43. Kg2 Kg7 44. Rxf8 Qxf8 45.
Qb7 Qe8 46. Qd5 Qe7 47. a4 h5 48. b4 h4 49. a5 bxa5 50. bxa5 hxg3 51. hxg3
Qf6 52. Qf3 Qe7 53. a6 d3 54. Bxd3 Bd4 55. Bc4 Qa7 56. g4 Bf6 57. g5 Bxg5
58. Qxf7+ Qxf7 59. Bxf7 Be3 60. Kf3 Ba7 61. Bd5 Kf6 62. Bb7
{Game drawn by mutual agreement}
1/2-1/2

[Event "ICC tourney 1932 (15 5)"]
[Site "Internet Chess Club"]
[Date "2020.07.24"]
[Round "5"]
[White "caracal"]
[Black "Sricharan07"]
[Result "1-0"]
[ICCResult "Black resigns"]
[WhiteElo "1279"]
[BlackElo "1486"]
[Opening "King's Indian: orthodox, Aronin-Taimanov, Benkö attack"]
[ECO "E99"]
[NIC "KI.02"]
[Time "21:01:31"]
[TimeControl "900+5"]

1. d4 Nf6 2. c4 g6 3. Nc3 Bg7 4. e4 d6 5. Nf3 O-O 6. Be2 e5 7. O-O Nc6 8. d5
Ne7 9. Ne1 Nd7 10. f3 f5 11. g4 fxg4 12. fxg4 Rxf1+ 13. Kxf1 a5 14. Nd3 h6
15. h4 Kh7 16. Kg2 Ng8 17. g5 Qe7 18. Bg4 Nb6 19. b3 Bxg4 20. Qxg4 a4 21.
Rb1 axb3 22. axb3 Nd7 23. Rb2 b6 24. Ra2 Rxa2+ 25. Nxa2 Nc5 26. Nxc5 bxc5
27. Nc3 Qd8 28. h5 Qe8 29. gxh6 Bxh6 30. Qxg6+ Qxg6+ 31. hxg6+ Kxg6 32. Bxh6
Kxh6 33. Kf3 Nf6 34. Nb5 Ne8 35. Kg4 Kg6 36. Na3 Nf6+ 37. Kf3 Kf7 38. Nc2
Nh5 39. b4 cxb4 40. Nxb4 Ke7 41. Nd3 Nf6 42. c5 Nd7 43. c6 Nb6 44. Nb4 Nc4
45. Ke2 Nb2 46. Na2 Na4 47. Kf3 Nc5 48. Nc3 Nb3 49. Kg4 Nd2 50. Kf5 Nc4 51.
Nb5 Kd8 52. Ke6 Nd2 53. Nc3 Nf3 54. Kf5 Nd4+ 55. Kf6 Nb3 56. Ne2 Nd4 57. Ng3
Nb3 58. Nh5 Nd2 59. Kf5 Nf1 60. Nf6 Ng3+ 61. Ke6 Ne2 62. Nh5 Nd4+ 63. Kf6
Ne2 64. Kg5 Nc3 65. Ng3 Nd1 66. Kf6 Nf2 67. Kf7 Ng4 68. Ke6 Nf2 69. Kf5 Nd3
70. Ne2 Nf2 71. Nc3 Nh1 72. Kg4 Nf2+ 73. Kf3 Nd3 74. Ke3 Nc5 75. Ne2 Nb3 76.
Ng3 Na5 77. Nf5 Nc4+ 78. Kd3 Nb2+ 79. Kc2 Nc4 80. Kc3 Na3 81. Kb4 Nc2+ 82.
Ka5 Ne1 83. Ka6 Nd3 84. Ka7 Nc5 85. Ng3 Nd3 86. Kb8 Nc5 87. Ka7 Kc8 88. Ka8
Nd3 89. Ka7 Nf2 90. Ka6 Nd3 91. Kb5 Nf2 92. Kc4 Ng4 93. Kd3 Nf2+ 94. Ke2 Ng4
95. Kf3 Nf6 96. Ne2 Nh5 97. Kg4 Nf6+ 98. Kf5 Nh5 99. Kg5 Ng7 100. Kg6 Ne8
101. Kf7 Kd8 102. Ng3 {Black resigns} 1-0